 Dungeon Crawl Stone Soup version 0.29-a0-284-gf9362112df (webtiles) character file.

Game seed: 13930134473657795813

266 snetch the Chopper (level 6, -6/53 HPs)
             Began as a Minotaur Berserker on Mar 23, 2022.
             Was a Priest of Trog.
             Mangled by a yak (14 damage)
             ... on level 4 of the Dungeon.
             The game lasted 00:09:48 (3062 turns).

snetch the Chopper (Minotaur Berserker)             Turns: 3062, Time: 00:09:48

Health: -6/53      AC:  9    Str: 24    XL:     6   Next: 0%
Magic:  5/5        EV:  8    Int:  4    God:    Trog [***...]
Gold:   140        SH:  3    Dex:  9    Spells: 5/5 levels left

rFire   . . .      SeeInvis .   a - +0 hand axe
rCold   . . .      Faith    +   x - +0 buckler
rNeg    + . .      Spirit   .   m - +0 chain mail
rPois   .          Reflect  .   (helmet restricted)
rElec   .          Harm     .   (no cloak)
rCorr   .          Rampage  .   (no gloves)
Will    .....                   (no boots)
Stlth   ..........              j - amulet of faith
HPRegen 0.17/turn               k - ring of positive energy
MPRegen 0.09/turn               (no ring)

@: on berserk cooldown, slowed, very slow
A: horns 2, retaliatory headbutt
a: Renounce Religion, Berserk, Trog's Hand


You were on level 4 of the Dungeon.
You worshipped Trog.
Trog was most pleased with you.
You visited 1 branch of the dungeon, and saw 5 of its levels.

You collected 140 gold pieces.

Inventory:

Hand Weapons
 a - a +0 hand axe (weapon)
 b - a +0 flail
 c - a +0 trident
 C - a +0 dire flail
Missiles
 p - 3 throwing nets
 z - a boomerang
 A - 106 stones (quivered)
Armour
 m - a +0 chain mail (worn)
 x - a +0 buckler (worn)
 y - the +2 leather armour of Ignis's Righteous Fury {Fly rPois rF- rC+}
   (You found it on level 2 of the Dungeon)

   rF:        It makes you vulnerable to fire.
   rC:        It protects you from cold.
   rPois:     It protects you from poison.
   Fly:       It grants you flight.
 F - an orb of guile
Jewellery
 j - an amulet of faith (around neck)
 k - a ring of positive energy (left hand)
Scrolls
 e - a scroll of immolation {unknown}
 f - 4 scrolls of identify {unknown}
 h - 3 scrolls of fear {unknown}
 n - 2 scrolls of fog {unknown}
 q - a scroll of summoning {unknown}
 v - a scroll of blinking {unknown}
 w - a scroll of teleportation {unknown}
 B - a scroll of noise {unknown}
 D - a scroll of enchant armour {unknown}
Potions
 d - 2 potions of degeneration {unknown}
 g - a potion of lignification {unknown}
 i - 2 potions of might {unknown}
 l - a potion of resistance {unknown}
 o - 2 potions of attraction {unknown}
 r - 2 potions of mutation {unknown}
 s - a potion of flight {unknown}
 t - a potion of cancellation {unknown}
 u - 2 potions of haste {unknown}
 E - a potion of brilliance {unknown}


   Skills:
 + Level 4.7 Fighting
 + Level 6.3 Axes
 + Level 4.2 Armour
 + Level 2.5 Dodging
 + Level 0.2 Stealth
 + Level 0.1 Shields


You had 5 spell levels left.
You didn't know any spells.
Your spell library contained the following spells:

 Spells                   Type           Power      Damage    Failure   Level
 Animate Skeleton         Necr           0%         N/A       99%         1
 Pain                     Necr           0%         1d4       99%         1
 Sandblast                Erth           0%         2d4       99%         1
 Passwall                 Tmut/Erth      0%         N/A       100%        2
 Gell's Gravitas          Tloc           0%         N/A       100%        3
 Portal Projectile        Hex/Tloc       0%         N/A       100%        3
 Stone Arrow              Conj/Erth      0%         3d7       100%        3
 Teleport Other           Tloc           0%         N/A       100%        3
 Vampiric Draining        Necr           0%         2d6       100%        3
 Blade Hands              Tmut           0%         N/A       100%        5
 Excruciating Wounds      Necr           0%         N/A       100%        5
 Dispersal                Tloc           0%         N/A       100%        6


Dungeon Overview and Level Annotations

Branches:
Dungeon (5/15)             Temple (0/1) D:5

Altars:
Dithmenos
Gozag


Innate Abilities, Weirdness & Mutations

You have a pair of horns on your head.
You reflexively headbutt those who attack you in melee.


Message History

The iguana is severely wounded.
The iguana bites you but does no damage.
You hit the iguana.
You kill the iguana!
Trog accepts your kill.
You have reached level 6!
A yak comes into view.
Found 11 gold pieces.
The yak bellows!
You hear a bellow!
The yak moves out of view.
A yak comes into view.
You see here an orb of guile.
F - an orb of guile The yak bellows!
You hear a shout!
A yak comes into view. x3
The yak bellows!
The yak gores you! The yak attacks as you move away! The yak gores you!
* * * LOW HITPOINT WARNING * * *
The yak bellows!
You hear a shout!
The yak attacks as you move away! The yak gores you but does no damage.
The yak attacks as you move away! The yak barely misses you.
The yak attacks as you move away! The yak gores you but does no damage.
A red film seems to cover your vision as you go berserk!
You feel yourself moving faster!
You feel mighty! The yak gores you!
* * * LOW HITPOINT WARNING * * *
You feel a strong urge to attack something.
There is a stone staircase leading up here.
You climb upwards.
You feel your anger nearly subside.
There is a stone staircase leading down here.
You hit the yak.
The yak is lightly wounded.
You are no longer berserk.
You are exhausted.
You feel yourself slow down. The yak completely misses you.
You hit the yak but do no damage.
The yak is lightly wounded.
The yak gores you but does no damage. The yak gores you!
You die...

### #.###########
########.#..........
.....=...#.#########
#..............#
#.######.#.###.#
#.##.....#.# #.#
#.##.....#.###.###
................@#
#..#.....####..#Y#
.......#.#.....#.#
#..###.#.#.#.###.#
.........# #. ..#
#..###.### ## ###
#..# .# #..# ..
#..#####.. .


You could see a yak.

Vanquished Creatures
  A gnoll shaman (D:4)
  A hound (D:5)
  An iguana (D:5)
  An orc wizard (D:3)
  Robin (D:3)
  3 gnolls (D:4)
  4 adders (D:2)
  3 worms
  A dart slug (D:1)
  3 orcs (D:3)
  A ball python (D:4)
  4 bats
  7 endoplasms
  2 giant cockroaches
  13 goblins
  7 hobgoblins
  2 jackals (D:1)
  3 quokkas (D:2)
  3 frilled lizards
  4 kobolds
  4 rats
69 creatures vanquished.

Notes
Turn   | Place    | Note
-------+----------+-------------------------------------------
     0 | D:1      | snetch the Minotaur Berserker began the quest for the Orb.
     0 | D:1      | Reached XP level 1. HP: 19/19 MP: 0/0
   189 | D:1      | Found a faded altar of an unknown god.
   240 | D:1      | Reached skill level 4 in Axes
   323 | D:2      | Reached XP level 2. HP: 27/27 MP: 1/1
   956 | D:2      | Identified the +2 leather armour of Ignis's Righteous Fury
                  | {Fly rPois rF- rC+}
  1078 | D:2      | Reached XP level 3. HP: 21/29 MP: 2/2
  1133 | D:3      | Noticed Robin
  1143 | D:3      | Killed Robin
  1147 | D:3      | Reached ** piety under Trog
  1428 | D:2      | Reached XP level 4. HP: 25/41 MP: 3/3
  1607 | D:3      | Found a shadowy altar of Dithmenos.
  1847 | D:2      | Reached skill level 5 in Axes
  2278 | D:3      | Reached XP level 5. HP: 47/47 MP: 4/4
  2351 | D:4      | Reached skill level 6 in Axes
  2351 | D:4      | Reached *** piety under Trog
  2696 | D:3      | Found an opulent altar of Gozag.
  3021 | D:5      | Entered Level 5 of the Dungeon
  3021 | D:5      | Found a staircase to the Ecumenical Temple.
  3042 | D:5      | Reached XP level 6. HP: 29/53 MP: 5/5
  3046 | D:5      | Noticed a yak
  3047 | D:5      | Noticed a yak
  3048 | D:5      | Noticed a yak
  3048 | D:5      | Noticed a yak
  3048 | D:5      | Noticed a yak
  3062 | D:4      | Mangled by a yak

Illustrated notes

Levels and vault maps discovered:
D:1:      kilobyte_arrival_exit_the_forest, layout_basic,
          dreamdust_ecumenical_altar_statues
D:2:      layout_basic, dreamdust_mushroom_princess, minmay_hexomino_u4
D:3:      layout_basic, mainiacjoe_overflow_alcove_1,
          nicolae_gozag_seed_capital, uniq_robin
D:4:      layout_basic, zin_statuary, minmay_overflow_temple_star_quad,
          grunt_ministairs_2
D:5:      layout_rooms, minmay_temple_entry_overgrown, minmay_bent

Skill      XL: |  1  2  3  4  5 |
---------------+----------------+-----
Axes           | 4 5 6 |  6.3
Fighting       | 4 |  4.7
Armour         | 3 4 |  4.2
Dodging        | |  2.5
Stealth        | |  0.2
Shields        | |  0.1

Action                   |  1- 3 |  4- 6 || total
-------------------------+-------+-------++-------
Melee: Hand axe          |    61 |    86 ||   147
       Headbutt          |    12 |    11 ||    23
Throw: Stone             |     1 |     1 ||     2
Invok: Berserk           |     1 |     2 ||     3
 Stab: Sleeping          |     1 |       ||     1
Armor: Chain mail        |    29 |    42 ||    71
       Animal skin       |     7 |       ||     7
Dodge: Dodged            |    42 |    35 ||    77
Block: Buckler           |       |     7 ||     7

Table legend: (Time is in decaauts)
 A = Elapsed time spent in this place.
 B = Non-inter-level travel time spent in this place.
 C = Inter-level travel time spent in this place.
 D = Time resting spent in this place.
 E = Time spent auto-exploring this place.
 F = Levels seen in this place.
 G = Mean time per level.
                   A        B        C        D        E       F      G
               +--------+--------+--------+--------+--------+-----+--------+
         Total |   3113 |   2917 |    196 |      0 |   1928 |   5 |  622.6 |
       Dungeon |   3113 |   2917 |    196 |      0 |   1928 |   5 |  622.6 |
               +--------+--------+--------+--------+--------+-----+--------+

Top non-repeatable levels by time:
     D:2: 1035 daAuts
     D:1: 1012 daAuts
     D:3: 866 daAuts
     D:4: 160 daAuts
     D:5: 38 daAuts
